 Dungeon Crawl Stone Soup version 0.23.2-40-g277498a001 (webtiles) character file.

Game seed: 4285691596837466316

23697 H0rd4k the Carver (level 13, -7/101 HPs)
             Began as a Human Artificer on Aug 28, 2019.
             Was an Initiate of Gozag.
             Mangled by a tyrant leech (20 damage)
             ... on level 2 of the Lair of Beasts.
             The game lasted 00:37:11 (14947 turns).

H0rd4k the Carver (Human Artificer)                Turns: 14947, Time: 00:37:12

Health: -7/101     AC: 10    Str: 26    XL:     13   Next: 37%
Magic:  16/16      EV: 16    Int: 14    God:    Gozag
Gold:   4170       SH:  0    Dex: 19    Spells: 12/12 levels left

rFire    . . .     SeeInvis .   E - +10 mace of Immorality {flame, -Tele rC+ Str+8}
rCold    + . .     Gourm    .   (no shield)
rNeg     + . .     Faith    .   B - +3 ring mail {MR+}
rPois    .         Spirit   .   (no helmet)
rElec    .         Reflect  .   I - +0 cloak of the Commoners {*Drain rN+ Str+2}
rCorr    .         Harm     .   (no gloves)
MR       +....     Clarity  +   p - +0 pair of boots Stlth +++.......NoTele +
                                H - amulet of regeneration
HPRegen  0.66/turn              C - +5 ring of slaying
MPRegen  0.15/turn              x - +4 ring of dexterity

@: no status effects
A: claws 1, agile 1, clarity, deformed body
a: Potion Petition, Call Merchant, Bribe Branch, Renounce Religion


You were on level 2 of the Lair of Beasts.
You worshipped Gozag.
Gozag was most pleased with you.
You were not hungry.

You visited 2 branches of the dungeon, and saw 14 of its levels.

You collected 4192 gold pieces.
You paid 22 gold pieces to Gozag.

Inventory:

Hand Weapons
 u - a +1 hunting sling of flaming
 y - a +2 falchion of holy wrath
 E - the +10 mace of Immorality (weapon) {flame, -Tele rC+ Str+8}
   (You found it on level 6 of the Dungeon)

   It has been specially enchanted to burn those struck by it, causing extra
   injury to most foes and up to half again as much damage against particularly
   susceptible opponents.
   It affects your strength (+8).
   It protects you from cold.
   It prevents most forms of teleportation.
 G - the +5 morningstar of Toanev {crush, rPois MR- Int+6}
   (You found it on level 9 of the Dungeon)

   It inflicts extra damage upon your enemies.
   It affects your intelligence (+6).
   It protects you from poison.
   It affects your resistance to hostile enchantments.
 M - the +8 long sword "Bocs" {speed, rN+ Str+2 Dex+3 Stlth-}
   (You found it on level 11 of the Dungeon)

   Attacks with this weapon are significantly faster.
   It affects your strength (+2).
   It affects your dexterity (+3).
   It protects you from negative energy.
   It makes you less stealthy.
Armour
 p - a +0 pair of boots (worn)
 r - the cursed +1 leather armour of the Doldrums {rCorr Dex+3 SInv}
   (You found it on level 11 of the Dungeon)

   It affects your dexterity (+3).
   It lets you see invisible.
   It provides partial protection from all sources of acid and corrosion.
   It has a curse placed upon it.
 B - a +3 ring mail of magic resistance (worn)
 I - the +0 cloak of the Commoners (worn) {*Drain rN+ Str+2}
   (You found it on level 11 of the Dungeon)

   It affects your strength (+2).
   It protects you from negative energy.
   It causes draining when unequipped.
Magical Staves
 R - an uncursed staff of energy
Jewellery
 b - a +3 ring of intelligence
 h - an uncursed ring of positive energy
 k - an uncursed ring of protection from fire
 n - an uncursed amulet of faith
 t - an uncursed ring of flight {unknown}
 x - a +4 ring of dexterity (right claw)
 C - a +5 ring of slaying (left claw)
 H - an amulet of regeneration (around neck)
Wands
 c - a wand of flame (49)
 d - a wand of enslavement (11)
 e - a wand of random effects (34)
 D - a wand of acid (18)
 K - a wand of polymorph (7)
 L - a wand of disintegration (9)
Scrolls
 g - 3 scrolls of enchant armour
 i - 3 scrolls of magic mapping
 o - 3 scrolls of identify
 q - 2 scrolls of immolation {unknown}
 s - a scroll of teleportation {unknown}
 v - a scroll of fear {unknown}
 w - 3 scrolls of fog {unknown}
 J - a scroll of enchant weapon
 N - a scroll of noise {unknown}
 P - a scroll of blinking
 Q - a scroll of amnesia {unknown}
 S - 3 scrolls of remove curse
Potions
 a - a potion of invisibility
 j - a potion of resistance
 l - a potion of heal wounds
 m - 7 potions of curing
 z - 3 potions of brilliance
 A - 3 potions of lignification
 F - a potion of mutation
 T - a potion of haste
Miscellaneous
 O - a box of beasts
 U - a sack of spiders
 V - a phantom mirror
Comestibles
 f - 18 rations


   Skills:
 + Level 9.2 Fighting
   Level 4.0(8.1) Short Blades
 + Level 10.9(11.2) Long Blades
 + Level 10.1 Maces & Flails
 + Level 8.3 Armour
 + Level 6.5 Dodging
 + Level 6.4 Stealth
 + Level 4.5 Evocations


You had 12 spell levels left.
You didn't know any spells.
Your spell library contained the following spells:

 Spells                   Type           Power        Failure   Level  Hunger
 Animate Skeleton         Necr           N/A          38%         1    ##.....
 Apportation              Tloc           #.....       38%         1    ##.....
 Confusing Touch          Hex            #.....       38%         1    ##.....
 Summon Small Mammal      Summ           #...         38%         1    ##.....
 Call Imp                 Summ           #.......     52%         2    ###....
 Poisonous Vapours        Pois/Air       #.....       52%         2    ###....
 Call Canine Familiar     Summ           #.......     77%         3    ####...
 Conjure Flame            Conj/Fire      #.......     77%         3    ####...
 Mephitic Cloud           Conj/Pois/Air  #.......     77%         3    ####...
 Summon Guardian Golem    Hex/Summ       #.......     77%         3    ####...
 Summon Ice Beast         Ice/Summ       #.......     99%         4    #####..
 Summon Lightning Spire   Summ/Air       #.......     99%         4    #####..
 Freezing Cloud           Conj/Ice/Air   #.........   100%        6    #######
 Ring of Flames           Chrm/Fire      #.........   100%        7    #######


Dungeon Overview and Level Annotations

Branches:
Dungeon (12/15)            Temple (0/1) D:7            Lair (2/6) D:11
    Orc (0/2) D:9
  Swamp: Lair:2-4    Shoals: Lair:2-4     Snake: Lair:2-4    Spider: Lair:2-4

Altars:
Ashenzari
Cheibriados
Dithmenos
Elyvilon
Gozag
Hepliaklqana
Nemelex Xobeh
Okawaru
Qazlal
Sif Muna
Trog
Zin
The Shining One
Beogh

Shops:
D:8 :

Annotations:
D:3 exclusion: bush
D:6 1 runed translucent door, exclusion: troll, exaltech's ghost, novice GnSk
D:11 exclusions: downstairs and 1 more exclusion
Lair:1 3 runed translucent doors, Sassenached's ghost, novice OgWz


Innate Abilities, Weirdness & Mutations

You have sharp fingernails.
You are agile. (Dex +2)
You possess an exceptional clarity of mind.
Armour fits poorly on your strangely shaped body.


Message History

The tyrant leech bites you.
The tyrant leech draws strength from your injuries!
You sock the tyrant leech! You burn the tyrant leech.
The tyrant leech is heavily wounded.
You hit the tyrant leech. You burn the tyrant leech.
The tyrant leech is severely wounded.
The tyrant leech bites you!
The tyrant leech draws strength from your injuries!
You bludgeon the tyrant leech!! You burn the tyrant leech.
The tyrant leech is almost dead.
The tyrant leech bites you!!
* * * LOW HITPOINT WARNING * * *
The tyrant leech draws strength from your injuries!
You barely miss the tyrant leech.
The tyrant leech is almost dead.
You barely miss the tyrant leech.
The tyrant leech is almost dead.
The tyrant leech bites you!!
You die...
Your body crumbles into a pile of gold.

♣♣♣.####.#
♣..♣§§ ♣♣♣♣.♣..#
. §.§§§
♣♣.♣≈...## ♣
§§§§ ♣♣..≈≈...#
♣§ ♣§≈≈
♣...≈≈≈♣##
♣§§♣≈≈≈ ♣§.≈≈≈≈♣
♣§§§≈≈♣♣♣§♣≈≈≈≈♣
♣§§§≈w♣.§§♣≈≈≈≈♣
♣§≈≈.@.§§♣≈≈≈≈♣
♣♣♣≈..♣♣♣♣♣≈≈≈♣
♣♣♣♣♣ ♣♣♣♣♣


You could see a tyrant leech.

Vanquished Creatures
  3 hydras
  A two-headed ogre (D:11)
  A centaur warrior (D:12)
  An ugly thing (D:12)
  A black mamba (Lair:2)
  6 spiny frogs
  4 komodo dragons
  A tyrant leech (Lair:2)
  A queen bee (Lair:2)
  3 trolls
  3 blink frogs (Lair:1)
  3 hippogriffs
  Sigmund (D:5)
  29 yaks
  A vampire (D:10)
  2 wyverns
  A steam dragon (D:7)
  A basilisk (D:12)
  A hungry ghost (D:11)
  Menkaure (D:6)
  2 swamp worms (Lair:2)
  2 wargs
  An acid dragon (D:11)
  Duvessa (D:7)
  5 water moccasins
  5 porcupines
  4 sky beasts
  A phantom (D:9)
  2 necrophages (D:8)
  8 orc warriors
  6 wolves (Lair:2)
  2 ice beasts (D:7)
  9 ogres
  8 centaurs
  4 crocodiles
  4 bullfrogs
  3 big kobolds
  A wyvern zombie (D:7)
  Dowan (D:7)
  6 scorpions
  24 killer bees
  4 wights (D:7)
  2 howler monkeys (D:10)
  6 electric eels (D:12)
  3 crimson imps
  4 bullfrog zombies
  9 hounds
  2 jellies (D:8)
  A quasit (D:10)
  Crazy Yiuf (D:6)
  10 orc priests
  2 gnoll shamans
  4 worker ants
  4 iguanas
  3 orc wizards
  A hound skeleton (D:11)
  2 worker ant zombies
  7 gnolls
  14 adders
  A shadow imp (D:10)
  3 oozes
  An adder zombie (D:8)
  3 worms
  8 leopard geckos
  53 orcs
  6 giant cockroaches
  8 goblins
  9 hobgoblins
  3 jackals
  2 quokkas
  10 bats
  7 frilled lizards
  18 kobolds
  A leopard gecko skeleton (D:5)
  A quokka skeleton (D:4)
  6 rats
  A plant (D:11)
384 creatures vanquished.

Vanquished Creatures (collateral kills)
  A crocodile (Lair:1)
1 creature vanquished.

Vanquished Creatures (others)
  An orc wizard (D:3)
  A gnoll (D:4)
  An adder (D:12)
  A fungus (Lair:1)
  10 plants
14 creatures vanquished.

Grand Total: 399 creatures vanquished

Notes
Turn   | Place    | Note
-------+----------+-------------------------------------------
     0 | D:1      | H0rd4k the Human Artificer began the quest for the Orb.
     0 | D:1      | Reached XP level 1. HP: 15/15 MP: 3/3
    82 | D:1      | Reached XP level 2. HP: 16/21 MP: 4/4
   354 | D:1      | Reached XP level 3. HP: 24/26 MP: 5/5
   983 | D:2      | Found an opulent altar of Gozag.
  1076 | D:2      | Reached XP level 4. HP: 24/32 MP: 6/6
  1167 | D:2      | Became a worshipper of Gozag Ym Sagoz the Greedy
  1194 | D:2      | Found a shadowy altar of Dithmenos.
  1559 | D:2      | Reached skill level 1 in Armour
  1927 | D:3      | Reached XP level 5. HP: 33/37 MP: 7/7
  3168 | D:4      | Found a hazy altar of Hepliaklqana.
  3194 | D:4      | Reached XP level 6. HP: 19/43 MP: 8/8
  3474 | D:4      | Reached skill level 1 in Long Blades
  3917 | D:4      | Reached XP level 7. HP: 35/50 MP: 9/9
  3933 | D:4      | Gained mutation: Armour fits poorly on your strangely
                  | shaped body. [potion of mutation]
  3933 | D:4      | Gained mutation: You possess an exceptional clarity of
                  | mind. [potion of mutation]
  3933 | D:4      | Gained mutation: You are agile. (Dex +2) [potion of
                  | mutation]
  3933 | D:4      | Gained mutation: You have sharp fingernails. [potion of
                  | mutation]
  4782 | D:4      | Found a glowing silver altar of Zin.
  4783 | D:4      | Found a glowing golden altar of the Shining One.
  4784 | D:4      | Found a snail-covered altar of Cheibriados.
  4845 | D:5      | Entered Level 5 of the Dungeon
  5010 | D:5      | Reached XP level 8. HP: 34/57 MP: 10/10
  5558 | D:5      | Noticed Sigmund
  5581 | D:5      | Killed Sigmund
  6117 | D:6      | Noticed Menkaure
  6154 | D:6      | Killed Menkaure
  6240 | D:6      | Got a blackened mace
  6241 | D:6      | Identified the +10 mace of Immorality {flame, -Tele rC+
                  | Str+8} (You found it on level 6 of the Dungeon)
  6269 | D:6      | Found a runed translucent door.
  6270 | D:6      | Noticed Crazy Yiuf
  6312 | D:6      | Found a hazy altar of Hepliaklqana.
  6346 | D:6      | Reached skill level 5 in Long Blades
  6407 | D:6      | Reached XP level 9. HP: 64/64 MP: 12/12
  6580 | D:6      | Found a runed translucent door.
  6580 | D:6      | Noticed exaltech's ghost (novice GnSk)
  6609 | D:6      | Reached skill level 1 in Maces & Flails
  6617 | D:6      | Reached skill level 5 in Armour
  6663 | D:6      | Noticed a troll
  6914 | D:6      | Killed Crazy Yiuf
  7083 | D:7      | Found a staircase to the Ecumenical Temple.
  7209 | D:7      | Noticed Duvessa
  7221 | D:7      | Noticed Dowan
  7222 | D:7      | Killed Duvessa
  7245 | D:7      | Killed Dowan
  7563 | D:7      | Found a sparkling altar of Nemelex Xobeh.
  7563 | D:7      | Found an iron altar of Okawaru.
  7563 | D:7      | Found a bloodstained altar of Trog.
  7812 | D:7      | Noticed a hippogriff
  7829 | D:7      | Killed a hippogriff
  7829 | D:7      | Reached XP level 10. HP: 53/72 MP: 13/13
  7862 | D:7      | Reached skill level 5 in Maces & Flails
  8165 | D:8      | Found Ysiwul's Book Shoppe.
  8250 | D:8      | Found a deep blue altar of Sif Muna.
  8304 | D:8      | Found a stormy altar of Qazlal.
  8369 | D:8      | Found a white marble altar of Elyvilon.
  8985 | D:9      | Got an ichor-stained morningstar
  8986 | D:9      | Identified the +5 morningstar of Toanev {crush, rPois MR-
                  | Int+6} (You found it on level 9 of the Dungeon)
  9078 | D:9      | Found a staircase to the Orcish Mines.
  9244 | D:9      | Reached skill level 5 in Fighting
  9623 | D:10     | Entered Level 10 of the Dungeon
  9825 | D:10     | Reached XP level 11. HP: 80/80 MP: 14/14
  9827 | D:10     | Reached skill level 5 in Stealth
 10013 | D:10     | Found a shattered altar of Ashenzari.
 10401 | D:10     | Reached skill level 5 in Dodging
 10529 | D:11     | Noticed a two-headed ogre
 10537 | D:11     | Killed a two-headed ogre
 10830 | D:11     | Got a sapphire long sword
 10868 | D:11     | Identified the +8 long sword "Bocs" {speed, rN+ Str+2 Dex+3
                  | Stlth-} (You found it on level 11 of the Dungeon)
 11259 | D:11     | Got a scorched cloak
 11363 | D:11     | Identified the +0 cloak of the Commoners {*Drain rN+ Str+2}
                  | (You found it on level 11 of the Dungeon)
 11651 | D:11     | Found a staircase to the Lair.
 11797 | D:11     | Got a steaming leather armour
 11798 | D:11     | Identified the cursed +1 leather armour of the Doldrums
                  | {rCorr Dex+3 SInv} (You found it on level 11 of the
                  | Dungeon)
 11841 | D:12     | Reached skill level 10 in Maces & Flails
 11905 | D:12     | Reached XP level 12. HP: 91/91 MP: 15/15
 12236 | D:12     | Found a roughly hewn altar of Beogh.
 12918 | D:12     | Noticed a centaur warrior
 12924 | D:12     | Killed a centaur warrior
 12953 | D:12     | Noticed a fire crab
 12958 | D:12     | Noticed a centaur warrior
 12961 | D:12     | Noticed an eight-headed hydra
 12972 | D:12     | Noticed a swamp dragon
 12972 | D:12     | a fire crab changed into a swamp dragon
 13227 | Lair:1   | Entered Level 1 of the Lair of Beasts
 13533 | Lair:1   | Noticed an eight-headed hydra
 13565 | Lair:1   | Killed an eight-headed hydra
 13840 | Lair:1   | Found a runed translucent gate.
 13842 | Lair:1   | Found a runed translucent gate.
 13842 | Lair:1   | Noticed a 12-headed hydra
 13846 | Lair:1   | Found a runed translucent gate.
 13846 | Lair:1   | Noticed Sassenached's ghost (novice OgWz)
 13847 | Lair:1   | Noticed a 12-headed hydra
 14366 | Lair:2   | Reached XP level 13. HP: 73/99 MP: 16/16
 14511 | Lair:2   | Reached skill level 10 in Long Blades
 14797 | Lair:2   | Noticed a six-headed hydra
 14813 | Lair:2   | Killed a six-headed hydra
 14824 | Lair:2   | Noticed a six-headed hydra
 14904 | Lair:2   | Killed a six-headed hydra
 14947 | Lair:2   | Mangled by a tyrant leech

Skill      XL: |  1  2  3  4  5  6  7  8  9 10 11 12 13 |
---------------+----------------------------------------+-----
Short Blades   | 2 3 4 |  4.0
Armour         | 1 2 3 4 5 6 7 8 |  8.3
Long Blades    | 1 3 5 6 9 10 | 10.9
Fighting       | 2 3 4 5 7 8 9 |  9.2
Dodging        | 3 4 5 6 |  6.5
Stealth        | 2 3 4 5 6 |  6.4
Evocations     | 4 |  4.5
Maces & Flails | 4 8 10 | 10.1

Action                   |  1- 3 |  4- 6 |  7- 9 | 10-12 | 13-15 || total
-------------------------+-------+-------+-------+-------+-------++-------
Melee: Short sword       |    83 |   162 |       |       |       ||   245
       Dagger            |       |   111 |       |       |       ||   111
       Long sword        |       |    15 |       |   322 |    90 ||   427
       Falchion          |       |    12 |   133 |       |       ||   145
       Mace              |       |       |    74 |   244 |    29 ||   347
Evoke: Wand              |       |    15 |     4 |    12 |       ||    31
  Use: Potion            |       |     2 |     4 |     6 |       ||    12
       Scroll            |       |       |     7 |     5 |       ||    12
 Stab: Sleeping          |     4 |       |     2 |    10 |       ||    16
       Distracted        |       |     3 |     1 |     6 |     1 ||    11
  Eat: Ration            |       |     3 |     4 |     6 |     1 ||    14
       Chunk             |       |     1 |       |       |       ||     1
Armor: Leather armour    |    20 |    19 |       |       |       ||    39
       Ring mail         |       |    54 |    38 |    97 |    19 ||   208
Dodge: Dodged            |    52 |   149 |   131 |   312 |    67 ||   711
       Rpst.: Long sword |       |     2 |       |    38 |    16 ||    56
       Falchion          |       |     4 |    18 |       |       ||    22
